 Dungeon Crawl Stone Soup version 0.29.1-12-g30fa7ad0bf (webtiles) character file.

Game seed: 10105007620285135844

79 xian the Chiller (level 4, -6/24 HPs)
             Began as a Deep Elf Ice Elementalist on Dec 17, 2022.
             Mangled by a gnoll
             ... wielding a +0 spear
              (8 damage)
             ... on level 3 of the Dungeon.
             The game lasted 00:05:28 (2581 turns).

xian the Chiller (Deep Elf Ice Elementalist)        Turns: 2581, Time: 00:05:30

Health: -6/24      AC:  4    Str:  5    XL:     4   Next: 17%
Magic:  18/21      EV: 11    Int: 22    God:
Gold:   85         SH:  0    Dex: 15    Spells: 7/11 levels left

rFire   + . .      SeeInvis .   o - +0 dagger (distort)
rCold   + . .      Faith    .   (no shield)
rNeg    . . .      Spirit   .   n - +0 leather armour
rPois   +          Reflect  .   (no helmet)
rElec   +          Harm     .   h - +0 cloak
rCorr   +          Rampage  .   (no gloves)
Will    .....                   (no boots)
Stlth   ++........              k - amulet of magic regeneration
HPRegen 0.08/turn               f - ring of magical power
MPRegen 0.57/turn               a - ring of resist corrosion

@: resistant, freezing walls
A: no striking features
a: no special abilities


You were on level 3 of the Dungeon.
You visited 1 branch of the dungeon, and saw 3 of its levels.

You collected 85 gold pieces.

Inventory:

Hand Weapons
 o - a +0 dagger of distortion (weapon)
Missiles
 i - 6 poisoned darts
Armour
 h - a +0 cloak (worn)
 m - +0 fire dragon scales
 n - a +0 leather armour (worn)
 p - a +0 pair of boots
Jewellery
 a - a ring of resist corrosion (right hand)
 f - a ring of magical power (left hand)
 k - an amulet of magic regeneration (around neck)
Scrolls
 d - a scroll of enchant weapon {unknown}
 j - a scroll of teleportation {unknown}
Potions
 b - a potion of magic
 c - a potion of mutation {unknown}
 e - a potion of resistance
 g - a potion of degeneration {unknown}
 l - a potion of attraction {unknown}


   Skills:
 + Level 0.5 Armour
 + Level 2.5 Dodging
 + Level 2.6 Stealth
 + Level 4.0 Spellcasting
 + Level 5.5 Ice Magic


You had 7 spell levels left.
You knew the following spells:

 Your Spells              Type           Power      Damage    Failure   Level
a - Freeze                Ice            100%       1d11      1%          1
b - Frozen Ramparts       Ice            56%        1d9       5%          3

Your spell library contained the following spells:

 Spells                   Type           Power      Damage    Failure   Level
 Ozocubu's Armour         Ice            28%        N/A       5%          3
 Magic Dart               Conj           16%        1d3       19%         1
 Call Imp                 Summ           4%         N/A       28%         2
 Poisonous Vapours        Pois/Air       8%         N/A       28%         2
 Confusing Touch          Hex            4%         N/A       50%         3
 Mephitic Cloud           Conj/Pois/Air  4%         N/A       50%         3
 Hailstorm                Conj/Ice       16%        3d6       52%         4
 Corpse Rot               Necr/Pois/Air  4%         N/A       88%         4
 Yara's Violent Unravell  Hex/Tmut       2%         3d3       99%         5
 Enfeeble                 Hex            2%         N/A       100%        7


Dungeon Overview and Level Annotations

Branches:
Dungeon (3/15)

Altars:


Message History

Press: ? - help, Shift-Dir - straight line, f/p - gnoll
Aim: a gnoll, wielding a +0 club (severely wounded)
You freeze the gnoll.
The gnoll is almost dead.
The wall freezes the gnoll but does no damage.
The gnoll barely misses you.
The wall freezes the gnoll.
The gnoll closely misses you.
Casting: Freeze (safe; 2% risk of failure)
Confirm with . or Enter, or press ? or * to list all spells.
Aiming: Freeze (safe; 2% risk of failure)
Press: ? - help, Shift-Dir - straight line, f/p - gnoll
Aim: a gnoll, wielding a +0 club (almost dead)
You freeze the gnoll.
You kill the gnoll!
The wall freezes the gnoll. x2
The gnoll hits you from afar with a +0 spear.
Your Spellcasting skill increases to level 4!
You have reached level 4!
You feel clever.
You can't go up here!
Unknown command.
The wall freezes the gnoll!
You kill the gnoll!
The wall freezes the gnoll. x2
The wall freezes the gnoll.
The gnoll hits you from afar with a +0 spear.
* * * LOW HITPOINT WARNING * * *
The wall freezes the gnoll but does no damage.
The gnoll completely misses you.
Unknown command.
Your frozen ramparts will break if you move.
Continue?
Okay, then.
It was a potion of resistance.
You feel protected.
The wall freezes the gnoll.
The gnoll hits you from afar with a +0 spear.
* * * LOW HITPOINT WARNING * * *
The wall freezes the gnoll.
The gnoll hits you from afar with a +0 spear!
You die...

# #.#.#...#.....<#
#.##.#.#...#..######
#......#...#.........
#####.?.....#.########
............#.#
###..!....##.#
#.####gg##.# # #.)##<#
#.@#### #.:# #..# #..#
#..# #..# #..# ...#


You could see 2 gnolls.

Vanquished Creatures
  2 gnolls (D:3)
  An adder (D:2)
  A worm (D:2)
  8 endoplasms
  3 giant cockroaches
  3 goblins
  3 hobgoblins
  10 kobolds
  A quokka (D:3)
  5 ball pythons
  3 bats
  2 frilled lizards
  5 rats
47 creatures vanquished.

Notes
Turn   | Place    | Note
-------+----------+-------------------------------------------
     0 | D:1      | xian the Deep Elf Ice Elementalist began the quest for the
                  | Orb.
     0 | D:1      | Reached XP level 1. HP: 10/10 MP: 6/6
   477 | D:1      | Reached XP level 2. HP: 15/15 MP: 5/8
  1105 | D:1      | Reached skill level 5 in Ice Magic
  1512 | D:2      | Reached XP level 3. HP: 18/19 MP: 10/10
  1516 | D:2      | Learned a level 3 spell: Frozen Ramparts
  2579 | D:3      | Reached XP level 4. HP: 8/24 MP: 12/12
  2581 | D:3      | Mangled by a gnoll

Illustrated notes

Levels and vault maps discovered:
D:1:      dpeg_arrival_boxes_within_box, layout_basic, serial_forest,
          infiniplex_forest_lined_2, infiniplex_forest_clump_small,
          infiniplex_forest_clump_medium, infiniplex_forest_straight_3,
          infiniplex_forest_end_2, infiniplex_forest_diagonal,
          infiniplex_forest_clump_C
D:2:      layout_loops_corners
D:3:      layout_basic, minmay_snake_closets

Skill      XL: |  1  2  3 |
---------------+----------+-----
Ice Magic      | 5 |  5.5
Spellcasting   | 4 |  4.0
Armour         | |  0.5
Dodging        | |  2.5
Stealth        | |  2.6

Action                   |  1- 3 |  4- 6 || total
-------------------------+-------+-------++-------
Melee: Hand axe          |    11 |       ||    11
       Dagger            |     2 |       ||     2
 Cast: Freeze            |    65 |       ||    65
       Frozen Ramparts   |     1 |       ||     1
  Use: Potion            |       |     1 ||     1
 Stab: Sleeping          |     1 |       ||     1
Armor: Robe              |     9 |       ||     9
       Leather armour    |     6 |       ||     6
Dodge: Dodged            |    37 |     1 ||    38
